 Dungeon Crawl Stone Soup version 0.32-a0-5-gbffa963729 (webtiles) character file.

Game seed: 2016197786748759257

2899 Flugslaktarn the Fighter (level 9, -10/91 HPs)
             Began as a Minotaur Fighter on Jan 13, 2024.
             Was a Priest of Cheibriados.
             Mangled by a skeletal warrior
             ... wielding a +0 morningstar
              (12 damage)
             ... on level 7 of the Dungeon.
             The game lasted 00:02:59 (6846 turns).

Flugslaktarn the Fighter (Minotaur Fighter)         Turns: 6846, Time: 00:03:00

Health: -10/91     AC: 15    Str: 30    XL:     9   Next: 49%
Magic:  11/11      EV: 10    Int: 11    God:    Cheibriados [***...]
Gold:   496        SH:  6    Dex: 23    Spells: 8/8 levels left

rFire   . . .        a - +0 war axe
rCold   . . .        c - +0 buckler
rNeg    . . .        u - +1 plate armour
rPois   +            (helmet unavailable)
rElec   .            (no cloak)
rCorr   .            (no gloves)
SInv    .            v - +0 pair of boots
Will    .....        (no amulet) Stlth
                     m - +6 ring of dexterity
HPRegen 0.35/turn    (no ring)
MPRegen 0.12/turn

%: random rage (3%)
@: mighty, silenced, very slow
A: horns 3, retaliatory headbutt, berserk 1, poison resistance, robust 1
a: Renounce Religion


You were on level 7 of the Dungeon.
You worshipped Cheibriados.
Cheibriados was most pleased with you.
You visited 1 branch of the dungeon, and saw 7 of its levels.

You collected 496 gold pieces.

Inventory:

Hand Weapons
 a - a +0 war axe (weapon)
Armour
 c - a +0 buckler (worn)
 u - a +1 plate armour (worn)
   (You found it on level 4 of the Dungeon)
 v - a +0 pair of boots (worn)
   (You found it on level 7 of the Dungeon)
Jewellery
 e - an amulet of regeneration
   (You found it on level 5 of the Dungeon)
 m - a +6 ring of dexterity (left hand)
   (You found it on level 3 of the Dungeon)
Wands
 b - a wand of acid (4)
   (You found it on level 5 of the Dungeon)
 g - a wand of paralysis (2)
   (You found it on level 5 of the Dungeon)
Scrolls
 j - 2 scrolls of poison
 o - 2 scrolls of vulnerability
 r - 2 scrolls of identify
 x - a scroll of fear
Potions
 d - 3 potions of might
 f - 2 potions of magic {unknown}
 h - 2 potions of cancellation
 i - a potion of mutation
 l - a potion of berserk rage {unknown}
 n - 2 potions of lignification
 p - a potion of ambrosia {unknown}
 q - 2 potions of curing
 s - a potion of brilliance {unknown}


   Skills:
 * Level 9.3 Fighting
 * Level 8.9 Axes
 + Level 7.2 Armour
 + Level 4.6 Dodging
 - Level 4.6 Shields
 + Level 4.1 Invocations


You had 8 spell levels left.
You didn't know any spells.
Your spell library contained the following spells:

 Spells                   Type           Power      Damage    Failure   Level
 Jinxbite                 Hex            0%         N/A       99%         2
 Dazzling Flash           Conj/Hex       0%         N/A       100%        3
 Mephitic Cloud           Conj/Alch/Air  0%         N/A       100%        3
 Anguish                  Hex/Necr       0%         N/A       100%        4
 Cause Fear               Hex            0%         N/A       100%        4
 Summon Blazeheart Golem  Fire/Summ      0%         N/A       100%        4
 Curse of Agony           Necr           0%         N/A       100%        5
 Silence                  Hex/Air        0%         N/A       100%        5
 Yara's Violent Unravell  Hex/Alch       0%         3d3       100%        5
 Enfeeble                 Hex            0%         N/A       100%        7
 Orb of Destruction       Conj           0%         9d5       100%        7
 Spellforged Servitor     Conj/Summ      0%         N/A       100%        7


Dungeon Overview and Level Annotations

Branches:
Dungeon (7/15)
 Temple: D:4-7

Altars:
Cheibriados
Nemelex Xobeh
Okawaru
Ru
Uskayaw
Zin
The Shining One

Annotations:
D:5 2 transporters, Raspi's ghost, amateur OnMo
D:7 1 transporter


Innate Abilities, Weirdness & Mutations

You have a pair of large horns on your head.
You reflexively headbutt those who attack you in melee.
You sometimes lose your temper in combat.
Your system is resistant to poisons. (rPois)
You are robust. (+10% HP)


Message History

You slash the skeletal warrior! You headbutt the skeletal warrior!
The skeletal warrior is heavily damaged.
The skeletal warrior throws a stone.
The stone hits you!! The skeletal warrior barely misses you.
You furiously retaliate!
You headbutt the skeletal warrior. You barely miss the skeletal warrior.
You headbutt the skeletal warrior.
The skeletal warrior is heavily damaged.
The skeletal warrior hits you but does no damage.
The skeletal warrior hits you with a +0 battleaxe!!
* * * LOW HITPOINT WARNING * * *
You are too injured to fight recklessly!
As you read the scroll of butterflies, it crumbles to dust.
You hear the flapping of tiny wings.
The skeletal warrior is knocked back by the sudden gust. x4
The skeletal warrior hits your butterfly with a +0 short sword!!
Your butterfly dies!
Your butterfly disappears in a burst of colours!
The skeletal warrior hits your butterfly with a +0 halberd!!
Your butterfly dies!
Your butterfly disappears in a burst of colours!
The skeletal warrior hits your butterfly with a +0 morningstar!!
Your butterfly dies!
Your butterfly disappears in a burst of colours!
As you read the scroll labelled URCHOO CONIBYR, it crumbles to dust.
It is a scroll of identify.
x - a scroll of fear;
r - 2 scrolls of identify The skeletal warrior hits your butterfly with a +0 short sword!!
Your butterfly dies!
Your butterfly disappears in a burst of colours!
The skeletal warrior misses your butterfly.
As you read the scroll labelled DUIXZE KUEFESCH, it crumbles to dust.
A profound silence engulfs you.
It was a scroll of silence.
The skeletal warrior hits your butterfly with a +0 short sword!
Your butterfly dies!
Your butterfly disappears in a burst of colours!
The skeletal warrior hits your butterfly with a +0 halberd!!
Your butterfly dies!
Your butterfly disappears in a burst of colours!
The skeletal warrior completely misses your butterfly.
The skeletal warrior hits your butterfly with a +0 dire flail!!
Your butterfly dies!
Your butterfly disappears in a burst of colours!
Unknown command.
Unknown command.
You feel much better.
The skeletal warrior hits you with a +0 battleaxe!!
* * * LOW HITPOINT WARNING * * *
The skeletal warrior hits your butterfly with a +0 battleaxe!
Your butterfly dies!
Your butterfly disappears in a burst of colours!
The skeletal warrior hits your butterfly with a +0 battleaxe!
Your butterfly dies!
Your butterfly disappears in a burst of colours!
The skeletal warrior hits your butterfly with a +0 battleaxe.
Your butterfly dies!
Your butterfly disappears in a burst of colours!
You feel much better.
The skeletal warrior hits your butterfly with a +0 short sword!!
Your butterfly dies!
Your butterfly disappears in a burst of colours!
The skeletal warrior misses you.
The skeletal warrior closely misses your butterfly.
Unknown command.
Magic scrolls do not work when you're silenced!
Unknown command.
It was a potion of mutation.
You feel extremely strange. The horns on your head grow some more.
You feel a little pissed off.
You feel resistant to poisons.
You feel robust.
You block the skeletal warrior's attack.
The skeletal warrior hits you with a +0 morningstar.
You feel very mighty all of a sudden.
The skeletal warrior hits you with a +0 short sword!
The skeletal warrior hits you with a +0 battleaxe!!
* * * LOW HITPOINT WARNING * * *
The skeletal warrior hits your butterfly with a +0 battleaxe!
Your butterfly dies!
Your butterfly disappears in a burst of colours!
The skeletal warrior completely misses your butterfly.
You block the skeletal warrior's attack.
The skeletal warrior completely misses you.
The skeletal warrior hits you with a +0 dire flail.
* * * LOW HITPOINT WARNING * * *
You are too injured to fight recklessly!
You slash the skeletal warrior!
The skeletal warrior is lightly damaged.
You hit the skeletal warrior but do no damage.
You closely miss the skeletal warrior. You hit the skeletal warrior.
The skeletal warrior hits you with a +0 short sword!
* * * LOW HITPOINT WARNING * * *
The skeletal warrior misses you.
The skeletal warrior hits your butterfly with a +0 battleaxe!!
Your butterfly dies!
Your butterfly disappears in a burst of colours!
The skeletal warrior hits your butterfly with a +0 battleaxe!
Your butterfly dies!
Your butterfly disappears in a burst of colours!
The skeletal warrior hits you from afar with a +0 halberd.
* * * LOW HITPOINT WARNING * * *
The skeletal warrior hits you with a +0 morningstar!
You die...

.. .......................#
...................###..#
.....................## #..#
..........>...........# ##.#
..........bbb.b.b.....# ##
.........†..b.b.b..#..##
...........b......##...#
...........bb.....###..##
..........bb.@z....##...###
...........bzzz....###....##
.......#÷÷÷b.z.b....#......#
.....##.....b.b........#####
..........)))...b......#
..........))..........##
......................#
................b.....#
.....................## ###


You could see 5 skeletal warriors.

Vanquished Creatures
  Grinder (D:4)
  A shadow (D:7)
  A wyvern (D:7)
  Menkaure (D:5)
  2 water moccasins
  Duvessa (D:6)
  An ice beast (D:5)
  A sky beast (D:5)
  A black bear (D:6)
  An ogre (D:5)
  A kobold brigand (D:7)
  Blork the orc (D:6)
  2 phantoms (D:4)
  3 bullfrogs (D:7)
  3 scorpions
  A gnoll sergeant (D:6)
  3 wights (D:6)
  Dowan (D:6)
  4 howler monkeys
  2 bombardier beetles
  3 hounds
  A gnoll bouda (D:6)
  An iguana (D:4)
  2 orc wizards
  6 gnolls (D:6)
  6 adders
  A shadow imp (D:7)
  2 white imps (D:6)
  2 ufetubi (D:5)
  A dart slug (D:2)
  12 orcs
  5 endoplasms
  A giant cockroach (D:1)
  13 goblins
  7 hobgoblins
  4 jackals (D:2)
  5 quokkas
  9 ball pythons
  7 bats
  5 frilled lizards
  10 kobolds
  5 rats
140 creatures vanquished.

Notes
Turn   | Place    | Note
-------+----------+-------------------------------------------
     0 | D:1      | Flugslaktarn the Minotaur Fighter began the quest for the
                  | Orb.
     0 | D:1      | Reached XP level 1. HP: 19/19 MP: 0/0
    89 | D:1      | Reached XP level 2. HP: 23/27 MP: 1/1
   237 | D:1      | Reached skill level 4 in Fighting
   790 | D:2      | Reached XP level 3. HP: 31/33 MP: 2/2
  1058 | D:2      | Found a hide-covered altar of Uskayaw.
  1699 | D:3      | Found a sacrificial altar of Ru.
  1757 | D:3      | Reached XP level 4. HP: 35/41 MP: 3/3
  2359 | D:3      | Reached skill level 5 in Fighting
  2596 | D:4      | Found a glowing golden altar of the Shining One.
  2603 | D:4      | Reached XP level 5. HP: 48/48 MP: 4/4
  2725 | D:4      | Found a sparkling altar of Nemelex Xobeh.
  2766 | D:4      | Found a snail-covered altar of Cheibriados.
  2790 | D:4      | Noticed a phantom
  2799 | D:4      | Killed a phantom
  2820 | D:4      | Became a worshipper of Cheibriados the Contemplative
  2830 | D:4      | Noticed a phantom
  2837 | D:4      | Reached XP level 6. HP: 56/56 MP: 5/5
  2842 | D:4      | Reached skill level 5 in Axes
  2985 | D:4      | Reached skill level 1 in Invocations
  3072 | D:4      | Noticed Grinder
  3074 | D:4      | Paralysed by Grinder for 5 turns
  3081 | D:4      | Killed Grinder
  3082 | D:4      | Reached skill level 6 in Fighting
  3082 | D:4      | Reached skill level 5 in Armour
  3082 | D:4      | Reached skill level 1 in Dodging
  3082 | D:4      | Reached XP level 7. HP: 35/64 MP: 5/7
  3895 | D:5      | Entered Level 5 of the Dungeon
  3895 | D:5      | Noticed Menkaure
  3899 | D:5      | Killed Menkaure
  4068 | D:5      | Found a transporter.
  4084 | D:5      | Noticed Raspi's ghost (amateur OnMo)
  4084 | D:5      | Noticed a troll
  4085 | D:5      | Found a transporter.
  4128 | D:5      | Reached skill level 7 in Fighting
  4150 | D:5      | Reached XP level 8. HP: 51/73 MP: 8/8
  4345 | D:5      | Reached * piety under Cheibriados
  4836 | D:5      | Found a glowing silver altar of Zin.
  4906 | D:6      | Noticed Duvessa
  4908 | D:6      | Noticed Dowan
  4995 | D:6      | Killed Duvessa
  4997 | D:6      | Killed Dowan
  5244 | D:6      | Noticed Blork the orc
  5252 | D:6      | Reached skill level 8 in Fighting
  5262 | D:6      | Killed Blork the orc
  5618 | D:6      | Reached ** piety under Cheibriados
  5821 | D:6      | Reached XP level 9. HP: 82/82 MP: 10/10
  6187 | D:7      | Found a transporter.
  6188 | D:7      | Identified the +6 dire flail "Pifag" {flame, rElec rC+
                  | Int-4}
  6188 | D:7      | Noticed a two-headed ogre
  6446 | D:7      | Found an iron altar of Okawaru.
  6574 | D:7      | Reached skill level 9 in Fighting
  6613 | D:7      | Reached *** piety under Cheibriados
  6830 | D:7      | Noticed a skeletal warrior
  6832 | D:7      | Noticed a skeletal warrior
  6832 | D:7      | Noticed a skeletal warrior
  6833 | D:7      | Noticed a skeletal warrior
  6833 | D:7      | Noticed a skeletal warrior
  6844 | D:7      | Gained mutation: You have a pair of large horns on your
                  | head. [potion of mutation]
  6844 | D:7      | Gained mutation: You sometimes lose your temper in combat.
                  | [potion of mutation]
  6844 | D:7      | Gained mutation: Your system is resistant to poisons.
                  | (rPois) [potion of mutation]
  6844 | D:7      | Gained mutation: You are robust. (+10% HP) [potion of
                  | mutation]
  6846 | D:7      | HP: 2/91 [skeletal warrior/+0 halberd (5)]
  6846 | D:7      | Mangled by a skeletal warrior

Illustrated notes

Levels and vault maps discovered:
D:1:      minmay_arrival_solitary_statue, layout_basic, hex_intersection
D:2:      layout_loops_ring, basic_altar
D:3:      layout_basic, mainiacjoe_overflow_paths, grunt_ministairs_5
D:4:      layout_gridville, nemelex_spade_bored_becter,
          mainiacjoe_overflow_concentric_impassable, overflow_temple_1_default,
          minmay_three_crescents, uniq_grinder
D:5:      layout_loops_ring, zin_statuary, gammafunk_ghost_arena, uniq_menkaure
D:6:      layout_basic, serial_bayou_pond_d, uniq_duvessa, uniq_blork_the_orc
D:7:      layout_layer_cave, okawaru_metal_pillars_1_2, general_overflow_altar,
          gammafunk_temple_overflow_elements, minmay_temple_entry_slanted,
          gammafunk_ghost_smash, nicolae_tricolors

Skill      XL: |  1  2  3  4  5  6  7  8  9 |
---------------+----------------------------+-----
Fighting       | 4 5 6 7 8 9 |  9.3
Axes           | 3 4 5 6 8 |  8.9
Armour         | 4 5 6 7 |  7.2
Shields        | 4 |  4.6
Invocations    | 1 2 3 4 |  4.1
Dodging        | 1 2 3 4 |  4.6

Action                     |  1- 3 |  4- 6 |  7- 9 || total
---------------------------+-------+-------+-------++-------
  Melee: War axe           |    80 |    78 |   165 ||   323
         Headbutt          |    11 |     9 |    36 ||    56
    Use: Scroll            |       |       |    10 ||    10
         Potion            |       |       |     8 ||     8
 Armour: Scale mail        |    59 |    69 |     1 ||   129
         Plate armour      |       |       |   171 ||   171
  Dodge: Dodged            |    42 |    44 |    84 ||   170
  Block: Buckler           |    15 |    25 |    86 ||   126

Table legend: (Time is in decaauts)
 A = Elapsed time spent in this place.
 B = Non-inter-level travel time spent in this place.
 C = Inter-level travel time spent in this place.
 D = Time resting spent in this place.
 E = Time spent auto-exploring this place.
 F = Levels seen in this place.
 G = Mean time per level.
                   A        B        C        D        E       F      G
               +--------+--------+--------+--------+--------+-----+--------+
         Total |   7890 |   7511 |    379 |    767 |   5841 |   7 | 1127.1 |
       Dungeon |   7890 |   7511 |    379 |    767 |   5841 |   7 | 1127.1 |
               +--------+--------+--------+--------+--------+-----+--------+

Top non-repeatable levels by time:
     D:6: 1542 daAuts
     D:4: 1531 daAuts
     D:5: 1371 daAuts
     D:2: 1011 daAuts
     D:3: 962 daAuts
     D:7: 818 daAuts
     D:1: 652 daAuts
